 Dungeon Crawl Stone Soup version 0.20.0-10-g0535bb4 (webtiles) character file.

105786 poirepourri the Severer (level 15, -6/146 HPs)
             Began as a Minotaur Fighter on June 7, 2017.
             Was an Elder of Makhleb.
             Mangled by a bone dragon (9 damage)
             ... on level 4 of the Swamp.
             The game lasted 00:45:35 (25438 turns).

poirepourri the Severer (Minotaur Fighter)         Turns: 25438, Time: 00:45:35

Health: -6/146     AC: 12    Str: 24    XL:     15   Next: 95%
Magic:  17/17      EV: 18    Int:  5    God:    Makhleb [****..]
Gold:   1032       SH: 19    Dex: 21    Spells: 14/14 levels left

rFire    . . .     SeeInvis .   a - +3 war axe (drain)
rCold    . . .     Gourm    .   c - +4 shield
rNeg     . . .     Faith    .   j - +2 scale mail {rPois}
rPois    +         Spirit   .   (helmet restricted)
rElec    .         Reflect  .   o - scarf {repulsion}
rCorr    .         Harm     .   (no gloves)
MR       +....                  E - +2 pair of boots
Stlth    +.........             y - amulet of regeneration
Regen    0.8/turn               p - ring of Departure {MR+ Str+3 Dex+3 Stlth+}
MPRegen  0.2/turn               L - +2 ring of dexterity

@: vulnerable, studying Crossbows, repel missiles
A: retaliatory headbutt, horns 2
a: Minor Destruction, Lesser Servant of Makhleb, Major Destruction, Renounce
Religion


You were on level 4 of the Swamp.
You worshipped Makhleb.
Makhleb was greatly pleased with you.
You were not hungry.

You visited 5 branches of the dungeon, and saw 26 of its levels.

You collected 1769 gold pieces.
You spent 737 gold pieces at shops.

Inventory:

Hand Weapons
 a - a +3 war axe of draining (weapon)
 b - a +1 hand crossbow
Missiles
 l - 6 tomahawks of returning
 m - 2 bolts
 D - 5 silver tomahawks (quivered)
Armour
 c - a +4 shield (worn)
 i - a +1 chain mail of fire resistance
 j - a +2 scale mail of poison resistance (worn)
 o - a scarf of repulsion (worn)
 E - a +2 pair of boots (worn)
Jewellery
 n - an uncursed ring of flight
 p - the ring of Departure (left hand) {MR+ Str+3 Dex+3 Stlth+}
   (You found it on level 5 of the Dungeon)

   [ring of strength]

   It affects your strength (+3).
   It affects your dexterity (+3).
   It affects your resistance to hostile enchantments.
   It makes you more stealthy.
 y - an amulet of regeneration (around neck)
 F - a +3 amulet of reflection
 L - a +2 ring of dexterity (right hand)
 Z - a +3 ring of evasion
Wands
 d - a wand of iceblast (6/15)
 k - a wand of random effects (12/48)
 q - a wand of random effects (24/48)
 t - a wand of disintegration (12/24)
 v - a wand of acid (9/15)
 w - a wand of random effects (10/48)
 B - a wand of polymorph (15/24)
 O - a wand of random effects (26/48)
 Q - a wand of flame (13/48)
 U - a wand of confusion (33/48)
 V - a wand of flame (36/48)
 X - a wand of lightning (7/15)
 Y - a wand of confusion (19/48)
Scrolls
 e - 2 scrolls of fear
 h - 9 scrolls of remove curse
 r - 11 scrolls of teleportation
 H - 6 scrolls of magic mapping
 K - a scroll of recharging
 M - 4 scrolls of identify
 P - 3 scrolls of fog
Potions
 f - 5 potions of curing
 g - 4 potions of flight
 z - 3 potions of agility
 A - a potion of magic
 C - 3 potions of lignification
 J - a potion of cancellation
 N - a potion of haste
 W - a potion of berserk rage
Books
 u - a book of Cantrips

   Spells                             Type                      Level
   a - Confusing Touch                Hexes                        1
   b - Animate Skeleton               Necromancy                   1
   c - Summon Small Mammal            Summoning                    1
   d - Apportation                    Translocation                1
 G - a book of Changes

   Spells                             Type                      Level
   a - Beastly Appendage              Transmutation                1
   b - Sticks to Snakes               Transmutation                2
   c - Spider Form                    Transmutation/Poison         3
   d - Ice Form                       Ice/Transmutation            4
   e - Blade Hands                    Transmutation                5
 I - a Young Poisoner's Handbook

   Spells                             Type                      Level
   a - Sting                          Conjuration/Poison           1
   b - Poisonous Vapours              Poison/Air                   2
   c - Mephitic Cloud                 Conjuration/Poison/Air       3
   d - Olgreb's Toxic Radiance        Poison                       4
   e - Venom Bolt                     Conjuration/Poison           5
 R - a manual of Crossbows
Comestibles
 s - 17 fruits
 x - 5 meat rations
 T - 7 bread rations


   Skills:
 + Level 16.9 Fighting
 + Level 18.0 Axes
 + Level 12.7 Crossbows
 - Level 5.0 Armour
 + Level 9.9 Dodging
 - Level 15.4 Shields
 + Level 4.9 Invocations


You had 14 spell levels left.
You didn't know any spells.

Dungeon Overview and Level Annotations

Branches:
Dungeon (14/15)            Temple (1/1) D:7            Lair (6/6) D:11
  Swamp (4/4) Lair:3       Spider (0/4) Lair:3        Slime (0/5) Lair:5
    Orc (1/2) D:11         Vaults (0/5) D:13

Altars:
Ashenzari
Cheibriados
Dithmenos
Elyvilon
Fedhas
Gozag
Hepliaklqana
Kikubaaqudgha
Makhleb
Nemelex Xobeh
Okawaru
Qazlal
Ru
Sif Muna
Trog
Uskayaw
Vehumet
Xom
Yredelemnul
Zin
The Shining One

Shops:
D:5 }   D:6 !   D:7 ***   D:13 !?[*


Innate Abilities, Weirdness & Mutations

You reflexively headbutt those who attack you in melee.
You have a pair of horns on your head.


Message History

The seven-headed hydra zombie bites your orange demon. x2
The seven-headed hydra zombie bites your orange demon!
You block the phantasmal warrior's attack.
The swamp dragon zombie bites you.
* * * LOW HITPOINT WARNING * * *
The swamp dragon zombie claws you but does no damage.
The swamp dragon zombie completely misses you.
Your orange demon stings the seven-headed hydra zombie.
Your orange demon hits the seven-headed hydra zombie.
Unknown command.
A demon appears!
The phantasmal warrior hits you!!
* * * LOW HITPOINT WARNING * * *
Your magical defenses are stripped away!
The seven-headed hydra zombie bites your orange demon.
The seven-headed hydra zombie bites your orange demon but does no damage.
The seven-headed hydra zombie closely misses your orange demon.
The seven-headed hydra zombie bites your orange demon. x3
The seven-headed hydra zombie barely misses your orange demon.
You block the bone dragon's attack. x2; The bone dragon tramples you!
You die...

.≈≈≈§..§≈##**,./.?#
≈≈≈≈#§.§.§###*,...##
≈≈≈##≈......##*#≈≈.##
≈≈#######.[.§###≈≈.≈##
≈≈# **###.§≈###.≈≈.#
≈## **,**##§5....≈≈≈#
## **≈,,,*##.54W.≈≈##
*,,,,,**####ZW≈##
*,,,,,,***#.@3##
*,,,,,,,§≈#DZ##
*,,,....≈≈.≈##
***,......≈≈#
**#..##.### ##**##*


You could see a bone dragon, a phantasmal warrior, a phantom, a seven-headed
hydra zombie, a swamp dragon zombie, a friendly orange demon and a friendly
ynoxinul.

Vanquished Creatures
  3 thorn hunters
  Kirke (D:13)
  A fire dragon (Lair:4)
  A rakshasa (D:13)
  Erolcha (D:13)
  4 hydras
  8 vault guards (D:13)
  A catoblepas (Lair:6)
  3 two-headed ogres
  A death knight (D:12)
  7 alligators
  Sonja (Lair:2)
  A death drake (shapeshifter) (D:13)
  An unseen horror (D:10)
  A shambling mangrove (Swamp:1)
  3 phantasmal warriors
  A spectral hydra (Swamp:4)
  5 swamp dragons
  A wolf spider zombie (D:13)
  5 ugly things
  4 elephants
  8 black mambas
  Maurice (D:13)
  A torpor snail (Lair:6)
  2 gargoyles
  24 spiny frogs
  2 swamp worm zombies (Swamp:4)
  3 freezing wraiths (D:12)
  7 rime drakes (Lair:4)
  2 hydra zombies (Swamp:4)
  7 komodo dragons
  3 tyrant leeches
  2 trolls (D:13)
  13 hornets
  3 alligator zombies (Swamp:4)
  9 polar bears
  8 dream sheep
  17 slime creatures
  22 blink frogs
  9 hippogriffs
  9 bog bodies
  3 spectral swamp dragons (Swamp:4)
  3 shadows
  6 wyverns
  20 spriggans
  The ghost of Gorglomux the Ruffian, an amateur OgTm (D:3)
  4 basilisks
  19 yaks
  A vampire (D:10)
  7 steam dragons (Lair:4)
  14 vampire mosquitoes
  A hungry ghost (D:10)
  28 insubstantial wisps
  Duvessa (D:6)
  20 water moccasins
  16 swamp worms
  3 porcupines
  2 hornet zombies
  12 orc warriors
  2 swamp drakes
  2 black bears
  6 phantoms
  2 eyes of draining
  3 ice beasts
  4 necrophages (Swamp:3)
  3 boggarts (Lair:6)
  2 swamp dragon zombies (Swamp:4)
  26 wolves
  7 crocodiles
  8 ogres
  9 centaurs
  2 big kobolds
  Blork the orc (D:6)
  13 bullfrogs
  A gnoll sergeant (D:9)
  Dowan (D:6)
  3 scorpions
  A water moccasin skeleton (D:10)
  4 wights (D:10)
  5 killer bees (D:10)
  5 howler monkeys
  6 electric eels
  5 crimson imps
  A centaur zombie (D:10)
  3 jellies
  2 centaur skeletons
  8 orc priests
  7 hounds
  10 orc wizards
  A bullfrog skeleton (D:13)
  A gnoll shaman (D:5)
  2 iguanas
  A spectral swamp drake (Swamp:4)
  Terence (D:3)
  10 worker ants
  A hound zombie (D:5)
  A hound skeleton (D:4)
  A worker ant zombie (D:5)
  Robin (D:4)
  9 gnolls
  8 adders
  2 shadow imps
  2 oozes
  3 adder skeletons
  4 worms
  A dart slug (D:4)
  4 leopard geckos
  65 orcs
  A ball python (D:1)
  4 bats
  4 giant cockroaches
  10 hobgoblins
  17 jackals
  3 quokkas
  9 frilled lizards
  15 goblins
  11 kobolds
  6 rats
  A fungus (Lair:6)
  2 plants (Lair:5)
720 creatures vanquished.

Vanquished Creatures (collateral kills)
  5 hydras
  6 death yaks (Lair:6)
  Urug (Lair:2)
  A spriggan (Swamp:4)
  A spriggan druid (Swamp:4)
  A spectral hydra (Swamp:4)
  3 elephants (Lair:6)
  4 rime drakes
  A hornet (Swamp:4)
  3 steam dragons (Lair:4)
  3 vampire mosquitoes (Swamp:4)
  An insubstantial wisp (Swamp:4)
  A swamp drake (Swamp:4)
  A porcupine (Lair:1)
  2 phantoms (Swamp:4)
  A wolf (Lair:6)
  A swamp dragon zombie (Swamp:4)
  A spectral swamp drake (Swamp:4)
  2 plants (Lair:6)
39 creatures vanquished.

Vanquished Creatures (others)
  A centaur warrior (D:13)
  A cyclops (D:11)
  A rime drake (Lair:4)
  A spriggan (Swamp:4)
  2 humans (D:13)
  A water moccasin (Lair:6)
  A jelly (D:13)
  An orc (D:13)
  A kobold (D:9)
  6 fungi
  16 plants (Lair:6)
32 creatures vanquished.

Grand Total: 791 creatures vanquished

Notes
Turn   | Place    | Note
-------+----------+-------------------------------------------
     0 | D:1      | poirepourri the Minotaur Fighter began the quest for the Orb.
     0 | D:1      | Reached XP level 1. HP: 19/19 MP: 0/0
   170 | D:1      | Reached XP level 2. HP: 27/27 MP: 1/1
   822 | D:2      | Reached skill level 3 in Axes
   822 | D:2      | Reached XP level 3. HP: 33/33 MP: 2/2
  1151 | D:2      | Found a stormy altar of Qazlal.
  1612 | D:2      | Reached XP level 4. HP: 36/41 MP: 3/3
  1969 | D:3      | Noticed Terence
  1986 | D:3      | Killed Terence
  1986 | D:3      | Reached skill level 4 in Axes
  1986 | D:3      | Reached skill level 1 in Dodging
  2009 | D:3      | Reached XP level 5. HP: 29/47 MP: 4/4
  2374 | D:3      | Reached skill level 5 in Shields
  2379 | D:3      | Noticed Gorglomux's ghost (amateur OgTm)
  2392 | D:3      | Killed Gorglomux's ghost
  2392 | D:3      | Reached skill level 5 in Axes
  2392 | D:3      | Reached XP level 6. HP: 39/55 MP: 5/5
  2393 | D:3      | Reached skill level 5 in Fighting
  2755 | D:4      | Noticed an orc warrior
  2772 | D:4      | Killed an orc warrior
  2772 | D:4      | Reached skill level 6 in Axes
  2776 | D:4      | Reached XP level 7. HP: 21/61 MP: 6/6
  3307 | D:4      | Found a bloodstained altar of Trog.
  3491 | D:4      | Noticed Robin
  3496 | D:4      | Reached skill level 7 in Axes
  3504 | D:4      | Killed Robin
  4008 | D:5      | Entered Level 5 of the Dungeon
  4058 | D:5      | Found Giromes's Gadget Boutique.
  4061 | D:5      | Reached skill level 8 in Axes
  4086 | D:5      | Reached XP level 8. HP: 64/70 MP: 7/7
  4386 | D:5      | Found Zin's Purification Station.
  4389 | D:5      | Found a glowing silver altar of Zin.
  4412 | D:5      | Bought a potion of curing for 90 gold pieces
  4533 | D:5      | Reached skill level 9 in Axes
  4611 | D:5      | Got a smoking wooden ring
  5058 | D:6      | Found a snail-covered altar of Cheibriados.
  5062 | D:6      | Noticed Duvessa
  5062 | D:6      | Noticed Dowan
  5076 | D:6      | Killed Duvessa
  5085 | D:6      | Killed Dowan
  5085 | D:6      | Reached skill level 10 in Axes
  5144 | D:6      | Identified the ring of Departure {MR+ Str+3 Dex+3 Stlth+} (You found it on level 5 of the Dungeon)
  5261 | D:6      | Reached XP level 9. HP: 79/79 MP: 8/8
  5295 | D:6      | Noticed Blork the orc
  5307 | D:6      | Killed Blork the orc
  5615 | D:6      | Found Ixoseg's Distillery.
  5619 | D:6      | Bought a potion of heal wounds for 70 gold pieces
  5619 | D:6      | Bought a potion of heal wounds for 70 gold pieces
  5837 | D:7      | Found a staircase to the Ecumenical Temple.
  5860 | D:7      | Found Otip's General Store.
  5878 | Temple   | Entered the Ecumenical Temple
  6112 | Temple   | Became a worshipper of Makhleb the Destroyer
  6253 | D:7      | Found Giupyoca's Assorted Antiques.
  6255 | D:7      | Found a bloodstained altar of Trog.
  6286 | D:7      | Found Dicwurel's General Store.
  6355 | D:7      | Found Moduschaduh's Weapon Boutique.
  6937 | D:8      | Reached skill level 11 in Axes
  7689 | D:8      | Reached * piety under Makhleb
  7892 | D:9      | Noticed a two-headed ogre
  7896 | D:9      | Killed a two-headed ogre
  7896 | D:9      | Reached skill level 12 in Axes
  7896 | D:9      | Reached XP level 10. HP: 84/90 MP: 9/9
  7898 | D:9      | Reached skill level 10 in Shields
  7985 | D:9      | You fall through a shaft for 2 floors!
  8004 | D:11     | Noticed an elephant
  8013 | D:11     | Noticed a green ugly thing
  8018 | D:11     | Killed an elephant
  8025 | D:11     | Killed a green ugly thing
  8068 | D:11     | Found a staircase to the Lair.
  8097 | D:11     | Noticed a two-headed ogre
  8106 | D:11     | Killed a two-headed ogre
  8106 | D:11     | Reached skill level 13 in Axes
  8386 | D:11     | Reached ** piety under Makhleb
  8446 | D:11     | Found a staircase to the Orcish Mines.
  8459 | Orc:1    | Entered Level 1 of the Orcish Mines
  8627 | D:10     | Entered Level 10 of the Dungeon
  8686 | D:10     | Reached XP level 11. HP: 57/97 MP: 10/10
  8777 | D:10     | Found a sacrificial altar of Ru.
  8837 | D:10     | Killed an unseen horror
  9475 | D:7      | Bought a +3 amulet of reflection for 188 gold pieces
  9475 | D:7      | Bought a royal jelly for 24 gold pieces
  9475 | D:7      | Bought a potion of might for 48 gold pieces
  9549 | D:9      | Reached *** piety under Makhleb
  9581 | D:9      | Reached skill level 10 in Fighting
  9928 | D:9      | Reached skill level 14 in Axes
 10053 | D:9      | Reached **** piety under Makhleb
 10261 | D:10     | Noticed a two-headed ogre
 10270 | D:10     | Killed a two-headed ogre
 11898 | D:12     | Noticed a death knight
 11903 | D:12     | Noticed a phantasmal warrior
 11913 | D:12     | Killed a death knight
 11918 | D:12     | Killed a phantasmal warrior
 11925 | D:12     | Reached skill level 5 in Dodging
 12258 | D:13     | Found Teni's General Store.
 12259 | D:13     | Noticed Erolcha
 12273 | D:13     | Killed Erolcha
 12416 | D:13     | Noticed a rakshasa
 12423 | D:13     | Noticed a centaur warrior
 12426 | D:13     | Killed a rakshasa
 12426 | D:13     | Reached skill level 15 in Axes
 12426 | D:13     | Reached XP level 12. HP: 73/108 MP: 11/11
 12432 | D:13     | Killed a centaur warrior
 12447 | D:13     | Noticed Kirke
 12449 | D:13     | Bought a scroll of enchant armour for 112 gold pieces
 12478 | D:13     | Found Kixti's Armour Emporium.
 12525 | D:13     | Noticed a vault guard
 12540 | D:13     | Killed a vault guard
 12784 | D:13     | Killed Kirke
 12806 | D:13     | Noticed a vault guard
 12806 | D:13     | Noticed a vault guard
 12807 | D:13     | Noticed a vault guard
 12807 | D:13     | Noticed a vault guard
 12807 | D:13     | Found a gate to the Vaults.
 12807 | D:13     | Noticed a vault guard
 12807 | D:13     | Noticed a vault guard
 12808 | D:13     | Noticed a vault guard
 12814 | D:13     | Killed a vault guard
 12827 | D:13     | Killed a vault guard
 12833 | D:13     | Killed a vault guard
 12833 | D:13     | Reached skill level 1 in Invocations
 12843 | D:13     | Killed a vault guard
 12849 | D:13     | Killed a vault guard
 12855 | D:13     | Killed a vault guard
 12855 | D:13     | Reached skill level 16 in Axes
 12857 | D:13     | Killed a vault guard
 12880 | D:13     | Found Xakhlovuepp's Distillery.
 12885 | D:13     | Bought 2 potions of curing for 90 gold pieces
 12885 | D:13     | Bought a potion of curing for 45 gold pieces
 13283 | D:13     | Noticed Maurice
 13303 | D:13     | Killed Maurice
 13603 | D:13     | Found Kurar's Magic Scroll Shop.
 13808 | D:13     | Reached XP level 13. HP: 114/117 MP: 12/12
 13883 | D:14     | Reached skill level 15 in Shields
 13987 | Lair:1   | Entered Level 1 of the Lair of Beasts
 14298 | Lair:1   | Found a labyrinth entrance.
 14872 | Lair:2   | Noticed Sonja
 14891 | Lair:2   | Killed Sonja
 15452 | Lair:2   | Noticed Urug
 15472 | Lair:2   | Killed Urug
 15909 | Lair:3   | Found a hole to the Spider Nest.
 15979 | Lair:3   | Found a staircase to the Swamp.
 16383 | Lair:3   | Reached skill level 5 in Armour
 16672 | Lair:4   | Reached skill level 1 in Crossbows
 17513 | Lair:4   | Reached skill level 17 in Axes
 17750 | Lair:4   | Noticed a fire dragon
 17760 | Lair:4   | Killed a fire dragon
 18413 | Lair:5   | Reached XP level 14. HP: 116/129 MP: 15/15
 18418 | Lair:5   | Reached skill level 5 in Crossbows
 18675 | Lair:5   | Found a staircase to the Slime Pits.
 18860 | Lair:5   | Reached ***** piety under Makhleb
 19581 | Lair:6   | Entered Level 6 of the Lair of Beasts
 21156 | Lair:6   | Reached skill level 15 in Fighting
 21500 | Swamp:1  | Entered Level 1 of the Swamp
 21589 | Swamp:1  | Found a frozen archway.
 21708 | Swamp:1  | Reached XP level 15. HP: 141/141 MP: 17/17
 21954 | Swamp:1  | Reached skill level 10 in Crossbows
 22856 | Swamp:2  | Noticed a thorn hunter
 22871 | Swamp:2  | Killed a thorn hunter
 23314 | Swamp:2  | Noticed a thorn hunter
 23348 | Swamp:2  | Killed a thorn hunter
 24445 | Swamp:4  | Entered Level 4 of the Swamp
 25267 | Swamp:4  | Reached skill level 18 in Axes
 25309 | Swamp:4  | Noticed a thorn hunter
 25327 | Swamp:4  | Killed a thorn hunter
 25404 | Swamp:4  | Noticed a bone dragon
 25434 | Swamp:4  | HP: 4/146 [seven-headed hydra zombie (11)]
 25438 | Swamp:4  | Mangled by a bone dragon

Skill      XL: |  1  2  3  4  5  6  7  8  9 10 11 12 13 14 15 |
---------------+----------------------------------------------+-----
Fighting       | 4 5 7 8 9 10 11 13 15 16 | 16.9
Shields        | 4 5 6 7 9 11 13 14 15 | 15.4
Axes           | 3 4 5 6 8 10 12 13 15 16 17 18 | 18.0
Dodging        | 1 2 3 4 5 7 8 9 |  9.9
Invocations    | 1 2 4 |  4.9
Armour         | 5 |  5.0
Crossbows      | 4 9 12 | 12.7

Action                   |  1- 3 |  4- 6 |  7- 9 | 10-12 | 13-15 || total
-------------------------+-------+-------+-------+-------+-------++-------
Melee: War axe           |    82 |   100 |   290 |   505 |   936 ||  1913
       Headbutt          |    13 |    15 |    58 |   147 |   262 ||   495
 Fire: Hand crossbow     |       |       |       |       |   722 ||   722
Throw: Tomahawk          |       |       |       |       |    16 ||    16
Invok: Lesser Servant of |       |       |       |     2 |    52 ||    54
Evoke: Wand              |       |       |       |     2 |     1 ||     3
  Use: Scroll            |     6 |     4 |    17 |    17 |    21 ||    65
       Potion            |       |     5 |     3 |    15 |     9 ||    32
 Stab: Invisible         |       |       |       |     1 |     2 ||     3
       Distracted        |       |       |       |       |     6 ||     6
  Eat: Meat ration       |     1 |       |     2 |       |     1 ||     4
       Bread ration      |       |     1 |       |     1 |     6 ||     8
       Royal jelly       |       |       |     1 |     6 |     3 ||    10
       Chunk             |       |       |     1 |     4 |     2 ||     7
       Fruit             |       |       |       |     6 |     1 ||     7
Armor: Scale mail        |    28 |    22 |     2 |       |   263 ||   315
       Chain mail        |       |       |    79 |   102 |    10 ||   191
Dodge: Dodged            |    31 |    28 |    64 |   107 |   601 ||   831
       Deflected         |       |     1 |     2 |    23 |    14 ||    40
Block: Shield            |    59 |    68 |   252 |   506 |  1257 ||  2142
       Reflection        |       |       |       |    27 |       ||    27
